 Dungeon Crawl Stone Soup version 0.19.0-2-gae57169 (webtiles) character file.

24010 Helmschank the Transmogrifier (level 13, -1/75 HPs)
             Began as a Vine Stalker Transmuter on Nov 6, 2016.
             Was an Elder of Qazlal.
             Slain by a wraith (3 damage)
             ... led by Josephine
             ... on level 4 of the Lair of Beasts.
             The game lasted 01:11:02 (10542 turns).

Helmschank the Transmogrifier (VSTm)               Turns: 10542, Time: 01:11:02

Health: -1/75      AC: 11    Str: 18    XL:     13   Next: 10%
Magic:  0/21       EV:  7    Int: 13    God:    Qazlal [****..]
Gold:   465        SH:  0    Dex: 17    Spells: 5 memorised, 6 levels left

rFire  x x .     SeeInvis .       - Unarmed
rCold  + + +     Gourm    .     (armour currently unavailable)
rNeg   . . .     Faith    .     (shield currently unavailable)
rPois  +         Spirit   +     (helmet currently unavailable)
rElec  .         Reflect  +     (cloak currently unavailable)
rCorr  .         Harm     .     (gloves currently unavailable)
MR     +....                    (boots currently unavailable)
Stlth  +.........               E - +3 amulet of reflection
                                W - ring of ice
                                o - +4 ring of protection

@: about to teleport, ice-form, held, slowed, repel missiles, very slow
A: (fangs 0), regeneration 2, strong 1, magic shield, (antimagic bite), no
device heal 3, rot immunity
a: End Transformation, Upheaval, Elemental Force, Renounce Religion


You were on level 4 of the Lair of Beasts.
You worshipped Qazlal.
Qazlal was greatly pleased with you.
You were hungry.
You were a creature of crystalline ice.
You visited 3 branches of the dungeon, and saw 13 of its levels.

You collected 843 gold pieces.
You spent 378 gold pieces at shops.

Inventory:

Hand Weapons
 b - a +0 hunting sling of freezing
Missiles
 a - 278 arrows
 t - 104 sling bullets
 R - 10 tomahawks (quivered)
Armour
 k - a +2 cloak (melded)
 u - a +1 leather armour of poison resistance (melded)
 A - a +0 pair of boots (melded)
 Q - a +0 pair of gloves (melded)
 Y - a +1 robe of cold resistance
Jewellery
 o - a +4 ring of protection (left front paw)
 C - an uncursed ring of resist corrosion
 E - a +3 amulet of reflection (around neck)
 F - an uncursed ring of flight
 I - an uncursed ring of protection from magic
 S - an uncursed ring of positive energy
 W - a ring of ice (right front paw)
Wands
 e - a wand of acid (4/15)
 g - a wand of digging (8/24)
 H - a wand of iceblast (4/15)
 M - a wand of flame (22/48)
Scrolls
 j - 10 scrolls of remove curse
 l - 3 scrolls of enchant weapon
 m - a scroll of immolation
 p - 3 scrolls of fear
 s - 3 scrolls of amnesia
 K - 2 scrolls of identify
 L - a scroll of magic mapping
 N - a scroll of enchant armour
 V - a scroll of teleportation
 X - a scroll of silence
 Z - a scroll of blinking
Potions
 f - 2 potions of brilliance
 h - 2 potions of might
 v - 2 potions of berserk rage
 x - 2 potions of flight
 z - 2 potions of agility
 G - a potion of curing
 J - 2 potions of haste
 P - a potion of magic
Books
 c - a book of Changes

   Spells                             Type                      Level
   a - Beastly Appendage              Transmutation                1
   b - Sticks to Snakes               Transmutation                2
   c - Spider Form                    Transmutation/Poison         3
   d - Ice Form                       Ice/Transmutation            4
   e - Blade Hands                    Transmutation                5
 q - a book of Ice

   Spells                             Type                      Level
   a - Ice Form                       Ice/Transmutation            4
   b - Metabolic Englaciation         Hexes/Ice                    5
   c - Ozocubu's Refrigeration        Ice                          6
   d - Bolt of Cold                   Conjuration/Ice              6
   e - Freezing Cloud                 Conjuration/Ice/Air          6
   f - Simulacrum                     Ice/Necromancy               6
Comestibles
 d - 15 bread rations
 i - 10 meat rations
 w - a royal jelly
 B - 4 beef jerkies
 O - 8 slices of pizza


   Skills:
 * Level 5.3 Fighting
 - Level 4.0 Armour
 - Level 5.8 Dodging
 - Level 10.4 Unarmed Combat
 - Level 4.5 Spellcasting
 - Level 12.0 Transmutations
 - Level 3.0 Ice Magic
 - Level 3.5 Poison Magic
 + Level 9.5 Invocations


You had 6 spell levels left.
You knew the following spells:

 Your Spells              Type           Power        Failure   Level  Hunger
a - Spider Form           Tmut/Pois      ###.......   2%          3    ###....
c - Ice Form              Ice/Tmut       ####....     12%         4    ####...
q - Sticks to Snakes      Tmut           ####....     1%          2    ##.....
v - Blade Hands           Tmut           ####......   4%          5    ######.
z - Beastly Appendage     Tmut           ####..       1%          1    None


Dungeon Overview and Level Annotations

Branches:
Dungeon (8/15)             Temple (1/1) D:4            Lair (4/6) D:8
  Swamp: Lair:2-4    Shoals: Lair:2-4     Snake: Lair:2-4    Spider: Lair:2-4

Altars:
Ashenzari
Cheibriados
Dithmenos
Elyvilon
Fedhas
Gozag
Hepliaklqana
Kikubaaqudgha
Makhleb
Nemelex Xobeh
Okawaru
Qazlal
Ru
Sif Muna
Trog
Uskayaw
Vehumet
Xom
Yredelemnul
Zin
The Shining One

Shops:
D:6 !

Annotations:
Lair:4 Harold, Sonja


Innate Abilities, Weirdness & Mutations

((You have razor-sharp teeth.))
You heal very quickly.
When hurt, damage is shared between your health and your magic reserves.
((Your bite disrupts and absorbs the magic of your enemies.))
Potions and wands cannot restore your health.
You are immune to rotting.
Your muscles are strong. (Str +2)


Message History

Sonja blinks!
The wraith hits you.
* * * LOW MAGIC WARNING * * *;
* * * LOW HITPOINT WARNING * * *
The wraith hits you.
* * * LOW HITPOINT WARNING * * *
The wraith drains your vigour!
You feel as though you will be slow longer.
Harold casts a spell.
Harold blinks!
A black mamba comes into view.
Your system rejects the healing.
You feel better. The wraith hits you but does no damage.
Cornered, the black mamba turns to fight!
The wraith hits you!
* * * LOW MAGIC WARNING * * *;
* * * LOW HITPOINT WARNING * * *
The wraith hits you!
* * * LOW MAGIC WARNING * * *;
* * * LOW HITPOINT WARNING * * *
The wraith drains your vigour!
You feel as though you will be slow longer.
The wraith hits you.
You die...

## ## #. #######.#
#.###.S#P#..####.
##.................
#..................
##..........P..#.##.
#.§W.§..............
#WWWS..............
##.YP####...........
#.§..#####..........
##.§#§.##.#..)......
#.....<.....P......
#............PP.....
##..##...#.###PP..##
#...###.##.# ##..#
#......§.... ...
##........... ..


You could see 2 black mambas and 4 wraiths.

Vanquished Creatures
  Josephine (Lair:4)
  Fannar (Lair:1)
  4 hydras
  The ghost of sorlin the Skirmisher, a novice CeVM of Ashenzari (D:8)
  Pikel (D:5)
  15 elephants
  2 spiny frogs
  Joseph (D:8)
  A komodo dragon (Lair:1)
  5 blink frogs (Lair:2)
  Grinder (D:5)
  A two-headed ogre (D:7)
  A hippogriff (Lair:2)
  A wraith (Lair:4)
  4 hogs (D:7)
  A human (D:7)
  9 yaks
  3 basilisks
  9 swamp worms (Lair:2)
  The ghost of vaultlich the Spear-Bearer, an amateur MfSk (D:4)
  2 water moccasins
  2 hell hounds (D:8)
  9 porcupines
  9 ice beasts
  6 necrophages
  An ogre (D:7)
  2 slaves (D:5)
  3 wolves
  5 centaurs
  A big kobold (D:8)
  8 crocodiles
  8 bullfrogs
  A water moccasin skeleton (D:4)
  2 scorpions
  4 killer bees (D:8)
  10 wights
  An electric eel (D:8)
  3 howler monkeys
  A centaur zombie (D:8)
  A quasit (D:8)
  A bullfrog zombie (D:8)
  8 hounds
  6 orc priests
  A centaur skeleton (D:4)
  5 iguanas
  5 orc wizards
  2 hell rats (Lair:3)
  6 worker ants
  2 mummies
  10 gnolls
  13 adders
  8 river rats (Lair:3)
  2 shadow imps
  2 oozes
  11 worms
  2 dart slugs
  4 leopard geckos
  15 orcs
  2 giant cockroaches
  9 hobgoblins
  2 jackals (D:7)
  12 kobolds
  4 quokkas
  7 bats
  2 frilled lizards
  8 goblins
  A jackal zombie (D:8)
  A leopard gecko skeleton (D:7)
  A quokka zombie (D:8)
  10 rats
  12 fungi
  A plant (Lair:3)
317 creatures vanquished.

Vanquished Creatures (collateral kills)
  Snorg (Lair:3)
  A gnoll (D:3)
2 creatures vanquished.

Vanquished Creatures (others)
  A slave (D:5)
  An orc (D:8)
  A kobold (D:8)
  2 fungi
  9 plants
14 creatures vanquished.

Grand Total: 333 creatures vanquished

Notes
Turn   | Place    | Note
-------+----------+-------------------------------------------
     0 | D:1      | Helmschank the Vine Stalker Transmuter began the quest for the Orb.
     0 | D:1      | Reached XP level 1. HP: 9/9 MP: 4/4
   163 | D:1      | Reached XP level 2. HP: 10/14 MP: 6/6
   257 | D:1      | Found a glowing golden altar of the Shining One.
   481 | D:1      | Learned a level 2 spell: Sticks to Snakes
   661 | D:2      | Reached XP level 3. HP: 6/17 MP: 4/7
  1171 | D:2      | Gained mutation: Your natural rate of healing is unusually fast. [Vine Stalker growth]
  1171 | D:2      | Reached XP level 4. HP: 16/21 MP: 9/9
  1328 | D:2      | Learned a level 3 spell: Spider Form
  1789 | D:3      | Reached XP level 5. HP: 25/25 MP: 4/10
  1800 | D:3      | Reached skill level 5 in Unarmed Combat
  2353 | D:4      | Reached skill level 3 in Transmutations
  2360 | D:4      | Reached XP level 6. HP: 23/29 MP: 9/11
  2552 | D:4      | Found a staircase to the Ecumenical Temple.
  2556 | D:4      | Noticed vaultlich's ghost (amateur MfSk)
  2911 | Temple   | Entered the Ecumenical Temple
  3017 | Temple   | Became a worshipper of Qazlal Stormbringer
  3195 | D:4      | Killed vaultlich's ghost
  3195 | D:4      | Reached skill level 4 in Transmutations
  3195 | D:4      | Reached XP level 7. HP: 26/32 MP: 7/12
  3382 | D:5      | Entered Level 5 of the Dungeon
  3393 | D:5      | Got a translucent leather armour
  3404 | D:5      | Identified the +1 leather armour of the Evening {rN+} (You found it on level 5 of the Dungeon)
  3443 | D:5      | Noticed Pikel
  3517 | D:5      | Reached skill level 5 in Transmutations
  3698 | D:5      | Noticed Grinder
  3715 | D:5      | Killed Grinder
  3715 | D:5      | Reached skill level 6 in Transmutations
  3715 | D:5      | Gained mutation: You have razor-sharp teeth. [Vine Stalker growth]
  3715 | D:5      | Reached XP level 8. HP: 12/37 MP: 5/13
  3796 | D:5      | Killed Pikel
  3796 | D:5      | Reached skill level 8 in Transmutations
  3802 | D:5      | Reached skill level 1 in Fighting
  3960 | D:5      | Reached * piety under Qazlal
  4383 | D:6      | Learned a level 5 spell: Blade Hands
  4562 | D:6      | Reached skill level 1 in Armour
  4562 | D:6      | Reached XP level 9. HP: 33/44 MP: 14/14
  4769 | D:6      | Found Siyreged's Distillery.
  4778 | D:6      | Bought a potion of haste for 140 gold pieces
  4778 | D:6      | Bought a potion of haste for 140 gold pieces
  4778 | D:6      | Bought a potion of might for 56 gold pieces
  4778 | D:6      | Bought a potion of curing for 42 gold pieces
  5028 | D:7      | Reached ** piety under Qazlal
  5164 | D:7      | Gained mutation: Your muscles are strong. (Str +2) [potion of beneficial mutation]
  5499 | D:7      | Reached skill level 5 in Dodging
  5534 | D:8      | Noticed a two-headed ogre
  5550 | D:7      | Reached XP level 10. HP: 27/49 MP: 12/15
  5722 | D:8      | Noticed Joseph
  5746 | D:8      | Reached *** piety under Qazlal
  5807 | D:8      | Learned a level 4 spell: Ice Form
  5905 | D:8      | Reached skill level 1 in Ice Magic
  5935 | D:8      | Found a staircase to the Lair.
  5962 | D:8      | Noticed sorlin's ghost (novice CeVM)
  5980 | D:8      | Killed sorlin's ghost
  6058 | D:8      | Killed Joseph
  6581 | Lair:1   | Entered Level 1 of the Lair of Beasts
  6633 | Lair:1   | Reached XP level 11. HP: 52/52 MP: 18/18
  6993 | Lair:1   | Noticed an eight-headed hydra
  6999 | Lair:1   | Noticed a six-headed hydra
  7099 | Lair:1   | Killed a six-headed hydra
  7099 | Lair:1   | Reached skill level 10 in Unarmed Combat
  7101 | Lair:1   | Killed an eight-headed hydra
  7146 | Lair:1   | Reached skill level 9 in Transmutations
  7146 | Lair:1   | Reached skill level 1 in Invocations
  7233 | Lair:1   | Noticed Fannar
  7266 | Lair:1   | Killed Fannar
  7698 | Lair:1   | Reached **** piety under Qazlal
  7901 | Lair:2   | Reached skill level 10 in Transmutations
  7976 | Lair:2   | Reached skill level 5 in Invocations
  8132 | Lair:2   | Gained mutation: You heal very quickly. [Vine Stalker growth]
  8132 | Lair:2   | Reached XP level 12. HP: 29/56 MP: 19/19
  8152 | Lair:2   | Noticed a five-headed hydra
  8349 | Lair:2   | Killed a five-headed hydra
  8625 | Lair:2   | Reached skill level 11 in Transmutations
  9490 | Lair:3   | Noticed Snorg
  9496 | Lair:3   | Killed Snorg
  9925 | Lair:3   | Reached skill level 12 in Transmutations
 10190 | Lair:3   | Reached XP level 13. HP: 61/61 MP: 20/20
 10517 | Lair:4   | Noticed Josephine
 10518 | Lair:4   | Noticed Sonja
 10527 | Lair:4   | Killed Josephine
 10527 | Lair:4   | Reached skill level 5 in Fighting
 10538 | Lair:4   | Noticed Harold
 10542 | Lair:4   | HP: 2/75 [wraith[Josephine] (5)]
 10542 | Lair:4   | Slain by a wraith

Skill      XL: |  1  2  3  4  5  6  7  8  9 10 11 12 13 |
---------------+----------------------------------------+-----
Unarmed Combat | 4 5 6 9 10 | 10.4
Spellcasting   | 3 4 |  4.5
Transmutations | 3 4 6 8 10 12 | 12.0
Poison Magic   | 2 3 |  3.5
Fighting       | 3 4 5 |  5.3
Armour         | 1 4 |  4.0
Dodging        | 5 |  5.8
Ice Magic      | 3 |  3.0
Invocations    | 5 9 |  9.5

Action                   |  1- 3 |  4- 6 |  7- 9 | 10-12 | 13-15 || total
-------------------------+-------+-------+-------+-------+-------++-------
Melee: Unarmed           |    83 |   191 |   305 |   678 |    15 ||  1272
       Headbutt          |     7 |    20 |    59 |   168 |       ||   254
       Bite              |    17 |    47 |    86 |   236 |       ||   386
       Kick              |     4 |     9 |       |       |       ||    13
       Punch             |     1 |     1 |     9 |    45 |       ||    56
Throw: Stone             |       |     9 |     6 |     1 |       ||    16
       Tomahawk          |       |       |       |     5 |       ||     5
 Cast: Beastly Appendage |    13 |    32 |    34 |    52 |       ||   131
       Sticks to Snakes  |       |     1 |       |       |       ||     1
       Ice Form          |       |       |       |     3 |     1 ||     4
Invok: Upheaval          |       |       |     1 |     2 |       ||     3
       Elemental Force   |       |       |       |     1 |       ||     1
Evoke: Wand              |       |       |       |     2 |       ||     2
  Use: Scroll            |       |    10 |     8 |     7 |     2 ||    27
       Potion            |       |     1 |     1 |     1 |     1 ||     4
 Stab: Sleeping          |     2 |     2 |     1 |       |       ||     5
  Eat: Chunk             |     1 |     7 |     8 |    17 |     1 ||    34
Armor: Robe              |    12 |    48 |     1 |       |       ||    61
       Leather armour    |       |       |    79 |   182 |       ||   261
       Skin              |       |       |       |    14 |     7 ||    21
Dodge: Dodged            |    52 |    97 |   162 |   397 |    15 ||   723
Block: Other             |       |     6 |    45 |   211 |    11 ||   273
       Reflection        |       |       |       |     8 |       ||     8
